 Seeded DCSS version 0.31-a0-426-g3a05650e59 (webtiles) character file.

Game seed: 18221735831328945090 (custom seed)

509 Gelion the Changeling (level 7, 0/46 HPs)
             Began as an Octopode Shapeshifter on July 31, 2023.
             Slain by a lemure (9 damage)
             ... led by Pikel
             ... on level 4 of the Dungeon.
             The game lasted 00:05:48 (3577 turns).

Gelion the Changeling (Octopode Shapeshifter)       Turns: 3577, Time: 00:05:49

Health: 0/46       AC:  1    Str: 15    XL:     7   Next: 19%
Magic:  7/7        EV: 13    Int: 13    God:
Gold:   226        SH:  7    Dex: 14    Spells: 6/6 levels left

rFire   . .          .
                       - Unarmed
rCold   . . .        f - +3 buckler of Boredom {Will++ Int+3}
rNeg    + . .        (helmet currently unavailable)
rPois   .            (no amulet)
rElec   .            i - ring of positive energy
rCorr   .            l - ring of willpower
SInv    .            (no ring)
Will    +++..        (no ring)
Stlth   ++           (no ring)
HPRegen 0.27/turn    (no ring)
MPRegen 0.10/turn    (no ring)
                     (no ring)

%: no passive effects
@: beast-form
A: beast (slay +3), almost no armour, amphibious, 8 rings, camouflage 1,
gelatinous body 1, (nimble swimmer 1), tentacles
a: Begin Untransformation


You were on level 4 of the Dungeon.
You were a hulking beast.
You visited 2 branches of the dungeon, and saw 6 of its levels.

You collected 226 gold pieces.

Inventory:

Armour
 f - the +3 buckler of Boredom (worn) {Will++ Int+3}
   (You acquired it on level 3 of the Dungeon)

   Int:       It affects your intelligence (+3).
   Will:      It greatly increases your willpower.
Jewellery
 i - a ring of positive energy (left tentacle)
 l - a ring of willpower (right tentacle)
Talismans
 b - a beast talisman (active)
 c - a storm talisman
Scrolls
 g - a scroll of teleportation {unknown}
Potions
 a - a potion of lignification
 d - a potion of attraction
 e - 2 potions of mutation
 m - a potion of degeneration {unknown}


   Skills:
 + Level 3.6 Fighting
 - Level 2.0 Dodging
 + Level 4.7 Unarmed Combat
 * Level 5.3 Shapeshifting


You had 6 spell levels left.
You didn't know any spells.
Your spell library contained the following spells:

 Spells                   Type           Power      Damage    Failure   Level
 Summon Small Mammal      Summ           0%         N/A       38%         1
 Blink                    Tloc           0%         N/A       54%         2
 Lesser Beckoning         Tloc           0%         N/A       54%         2
 Momentum Strike          Conj/Tloc      0%         3d8       54%         2
 Poisonous Vapours        Pois/Air       0%         N/A       54%         2
 Call Canine Familiar     Summ           0%         N/A       77%         3
 Mephitic Cloud           Conj/Pois/Air  0%         N/A       77%         3
 Ozocubu's Armour         Ice            0%         N/A       77%         3
 Summon Guardian Golem    Hex/Summ       0%         N/A       77%         3
 Alistair's Intoxication  Tmut/Pois      0%         N/A       100%        5
 Borgnjor's Vile Clutch   Necr/Erth      0%         N/A       100%        5
 Fireball                 Conj/Fire      0%         3d3       100%        5
 Freezing Cloud           Conj/Ice/Air   0%         6-21      100%        5
 Iskenderun's Battlesphe  Conj           0%         2d6       100%        5
 Conjure Ball Lightning   Conj/Air       0%         3x3d6     100%        6
 Eringya's Noxious Bog    Tmut/Pois      0%         4d6       100%        6
 Orb of Destruction       Conj           0%         9d5       100%        7
 Ozocubu's Refrigeration  Ice            0%         4d7       100%        7


Dungeon Overview and Level Annotations

Branches:
Dungeon (5/15)             Temple (1/1) D:4

Altars:
Ashenzari
Cheibriados
Dithmenos
Elyvilon
Fedhas
Hepliaklqana
Kikubaaqudgha
Makhleb
Nemelex Xobeh
Qazlal
Ru
Sif Muna
Uskayaw
Vehumet
Xom
Zin

Shops:
D:1 (


Innate Abilities, Weirdness & Mutations

You are a hulking beast.
Your limbs bulge with bestial killing power. (Slay +3)
You cannot wear most types of armour.
You are amphibious.
You can wear up to eight rings at the same time.
Your skin changes colour to match your surroundings (Stealth+).
Your rubbery body absorbs attacks. (AC +1, EV +1)
((You are camouflaged when in or above water. (Stealth+)))
You have tentacles for arms and can constrict up to eight enemies at once.


Message History

You tentacle-slap the centaur. You squeeze the centaur.
You kill the centaur!
Your Shapeshifting skill increases to level 5!
A centaur comes into view.
You see here a +0 orcbow.
The centaur shouts!
You hear a bark!
You hear a shout!
The lemure attacks as you move away! The lemure hits you.
You tentacle-slap the centaur. You squeeze the centaur.
The centaur is moderately wounded.
The lemure hits you. The centaur hits you. The centaur misses you.
You tentacle-slap the centaur but do no damage.
The centaur is moderately wounded.
The centaur closely misses you. The centaur barely misses you.
You block the lemure's attack. The centaur hits you.
The centaur barely misses you.
You tentacle-slap the centaur but do no damage.
You tentacle-slap the centaur!
The centaur is severely wounded.
You block the lemure's attack. You block the centaur's attack.
The centaur misses you.
Unknown command.
You tentacle-slap the centaur. You squeeze the centaur.
You kill the centaur!
The lemure barely misses you.
You have reached level 7!
The lemure hits you!
* * * LOW HITPOINT WARNING * * *
You see here a +0 orcbow.
The lemure attacks as you move away! The lemure misses you.
There is a stone staircase leading up here.
The lemure barely misses you.
You climb upwards.
There is a stone staircase leading down here.
You barely miss the lemure. Your grab misses the lemure. The lemure hits you.
* * * LOW HITPOINT WARNING * * *
The lemure attacks as you move away! You block the lemure's attack.
You tentacle-slap the lemure. You grab the lemure.
The lemure is lightly wounded.
You constrict the lemure. The lemure hits you!
You die...

.....#.#.#)#.#.#.##.# #..##......
.................##.###..##......
....#####..)..+..........##......
.^..######....##.#.......##......
....##...........#..#######......
....##...........#..# #......
....##...........#..# #......
....###########.....##### #......
....# #.h5......# #...... ....#
#..>..###.# #...... ....#
###.......# #...... ....#
#..###### #...... ##### #..#
##...). #..# #.##.. #..# #.##..
#..# #.###. #..# #.#...


You could see a lemure.

Vanquished Creatures
  An ogre (D:4)
  2 centaurs (D:5)
  2 hounds (D:4)
  A sleepcap (D:4)
  A gnoll (D:1)
  9 adders
  A white imp (D:4)
  A dart slug (D:1)
  2 orcs (D:4)
  9 endoplasms
  4 giant cockroaches
  5 goblins
  6 hobgoblins
  5 jackals
  6 kobolds
  4 quokkas
  6 ball pythons
  2 bats (D:1)
  2 frilled lizards (D:2)
  6 rats
75 creatures vanquished.

Notes
Turn   | Place    | Note
-------+----------+-------------------------------------------
     0 | D:1      | Gelion the Octopode Shapeshifter began the quest for the
                  | Orb.
     0 | D:1      | Reached XP level 1. HP: 13/13 MP: 1/1
    79 | D:1      | Reached XP level 2. HP: 18/18 MP: 2/2
   136 | D:1      | Found Umemagroen's Antique Weapon Emporium.
   164 | D:1      | Reached XP level 3. HP: 12/23 MP: 3/3
   486 | D:1      | Found a faded altar of an unknown god.
   918 | D:2      | Reached XP level 4. HP: 29/29 MP: 4/4
  1515 | D:3      | Identified the +4 halberd "Ykoiz" {flame, Int+3}
  1715 | D:3      | Found a blossoming altar of Fedhas.
  1894 | D:3      | Found a sparkling altar of Nemelex Xobeh.
  2031 | D:3      | Reached skill level 4 in Shapeshifting
  2055 | D:3      | Found a glowing silver altar of Zin.
  2416 | D:3      | Identified a scroll of acquirement
  2416 | D:3      | Acquired the +3 buckler of Boredom {Will++ Int+3}
  2494 | D:4      | Found a white marble altar of Elyvilon.
  2520 | D:4      | Reached XP level 5. HP: 4/35 MP: 5/5
  3000 | D:4      | Reached XP level 6. HP: 40/41 MP: 6/6
  3144 | D:4      | Found a staircase to the Ecumenical Temple.
  3163 | Temple   | Entered the Ecumenical Temple
  3527 | D:5      | Entered Level 5 of the Dungeon
  3558 | D:5      | Reached skill level 5 in Shapeshifting
  3569 | D:5      | Reached XP level 7. HP: 20/46 MP: 7/7
  3577 | D:4      | Slain by a lemure

Illustrated notes

Levels and vault maps discovered:
D:1:      minmay_arrival_solitary_statue, layout_basic, serial_shops,
          nicolae_shop_peninsula, shapermc_ecumenical_altar_mp_highgroup
D:2:      wad_pebble_path, layout_loops_ring, nicolae_houndstooth_variations
D:3:      wad_woods_pond, layout_basic, amcnicky_altar_gilded,
          mainiacjoe_overflow_tiny_flanked, mainiacjoe_overflow_surrounded_room
D:4:      layout_basic, elyvilon_altar_5, minmay_temple_entry_large_hall
D:5:      lemuel_insect_pit, layout_loops_ring, uniq_pikel
Temple:   minmay_temple_forest_path

Skill      XL: |  1  2  3  4  5  6 |
---------------+-------------------+-----
Fighting       | 2 3 |  3.6
Shapeshifting  | 4 5 |  5.3
Unarmed Combat | 4 |  4.7
Dodging        | |  2.0

Action                     |  1- 3 |  4- 6 |  7- 9 || total
---------------------------+-------+-------+-------++-------
  Melee: Unarmed           |    64 |   107 |     2 ||   173
         Tentacles         |    11 |    17 |       ||    28
         Constrict         |    16 |    27 |     1 ||    44
         Punch             |     4 |     7 |       ||    11
    Use: Scroll            |       |    10 |       ||    10
         Potion            |       |     2 |       ||     2
   Stab: Sleeping          |     6 |     5 |       ||    11
         Distracted        |       |     1 |       ||     1
 Armour: Skin              |     8 |     3 |       ||    11
  Dodge: Dodged            |    29 |    71 |     2 ||   102
  Block: Buckler           |       |    33 |     1 ||    34

Table legend: (Time is in decaauts)
 A = Elapsed time spent in this place.
 B = Non-inter-level travel time spent in this place.
 C = Inter-level travel time spent in this place.
 D = Time resting spent in this place.
 E = Time spent auto-exploring this place.
 F = Levels seen in this place.
 G = Mean time per level.
                   A        B        C        D        E       F      G
               +--------+--------+--------+--------+--------+-----+--------+
         Total |   3568 |   3489 |     79 |    123 |   2859 |   6 |  594.7 |
       Dungeon |   3566 |   3487 |     79 |    123 |   2859 |   5 |  713.2 |
        Temple |      1 |      1 |      0 |      0 |      0 |   1 |    1.0 |
               +--------+--------+--------+--------+--------+-----+--------+

Top non-repeatable levels by time:
     D:4: 1049 daAuts
     D:3: 967 daAuts
     D:2: 798 daAuts
     D:1: 704 daAuts
     D:5: 46 daAuts
  Temple: 1 daAuts
